 Dungeon Crawl Stone Soup version 0.31.0-32-g396128a36d (webtiles) character file.

Game seed: 17891297157051046051

248 spaghetti the Caller (level 6, 0/51 HPs)
             Began as a Naga Summoner on Mar 10, 2024.
             Slain by a goblin
             ... wielding a +0 dagger
              (2 damage)
             ... on level 4 of the Dungeon.
             The game lasted 00:04:09 (3363 turns).

spaghetti the Caller (Naga Summoner)                Turns: 3363, Time: 00:04:10

Health: 0/51       AC:  3    Str: 13 (14) XL:     6   Next: 12%
Magic:  18/18      EV:  9    Int: 17 (20) God:
Gold:   304        SH:  0    Dex:  9 (10) Spells: 3/9 levels left

rFire   + . .        m - +3 dagger "Lifebane" {freeze, rF+ Int+3}
rCold   . . .        (no shield)
rNeg    . . .        a - +0 robe
rPois   +            (no helmet)
rElec   .            (no cloak)
rCorr   .            (no gloves)
SInv    +            (no barding)
Will    .....        g - amulet of regeneration
Stlth   ++           n - ring of magical power
HPRegen 1.08/turn    t - ring of wizardry
MPRegen 0.16/turn

%: clarity, wizardry (x1)
@: very slow
A: AC +2, large, see invisible, deformed body, poison resistance, slowness 2,
spit poison 1, naga tail 1, clarity, frail 1, strong 1, sturdy frame 1
a: Spit Poison


You were on level 4 of the Dungeon.
You visited 1 branch of the dungeon, and saw 4 of its levels.

You collected 304 gold pieces.

Inventory:

Hand Weapons
 i - a +1 whip of holy wrath
 m - the +3 dagger "Lifebane" (weapon) {freeze, rF+ Int+3}
   (You found it on level 2 of the Dungeon)

   Int+3:     It affects your intelligence (+3).
   rF+:       It protects you from fire.
Missiles
 c - 2 javelins
Armour
 a - a +0 robe (worn)
Jewellery
 g - an amulet of regeneration (around neck)
 j - a ring of magical power
 n - a ring of magical power (left hand)
 t - a ring of wizardry (right hand)
Scrolls
 e - 4 scrolls of teleportation {unknown}
 f - 3 scrolls of identify {unknown}
 k - a scroll of revelation {unknown}
 l - 2 scrolls of poison {unknown}
 o - a scroll of enchant weapon {unknown}
 q - a scroll of amnesia {unknown}
 r - a scroll of vulnerability {unknown}
Potions
 b - a potion of magic
 d - 4 potions of mutation
 s - a potion of berserk rage {unknown}
 u - a potion of might {unknown}


   Skills:
 + Level 3.9 Fighting
 - Level 1.5 Dodging
 - Level 3.0 Stealth
 - Level 2.0 Spellcasting
 * Level 5.8 Summonings


You had 3 spell levels left.
You knew the following spells:

 Your Spells              Type           Power      Damage    Failure   Level
a - Summon Small Mammal   Summ           84%        N/A       1%          1
b - Call Imp              Summ           42%        N/A       1%          2
c - Call Canine Familiar  Summ           21%        N/A       2%          3

Your spell library contained the following spells:

 Spells                   Type           Power      Damage    Failure   Level
 Magic Dart               Conj           4%         1d3       8%          1
 Blink                    Tloc           2%         N/A       12%         2
 Dazzling Flash           Conj/Hex       2%         N/A       22%         3
 Volatile Blastmotes      Fire/Tloc      2%         2d10      22%         3
 Summon Blazeheart Golem  Fire/Summ      11%        N/A       22%         4
 Summon Lightning Spire   Summ/Air       11%        N/A       22%         4
 Starburst                Conj/Fire      0%         6d3       100%        6
 Maxwell's Capacitive Co  Air            0%         ∞         100%        8


Dungeon Overview and Level Annotations

Branches:
Dungeon (4/15)             Temple (0/1) D:4

Altars:

Annotations:
D:4 Ijyb, Pikel, Robin


Innate Abilities, Weirdness & Mutations

Your serpentine skin is tough. (AC +2)
You have supernaturally acute eyesight. (SInv)
Armour fits poorly on your strangely shaped body.
Your system is resistant to poisons. (rPois)
You cover ground very slowly.
You can spit poison.
You have a snake-like lower body.
You possess an exceptional clarity of mind.
You are frail. (-10% HP)
Your muscles are strong. (Str +4, Int/Dex -1)
Your movements are slightly less encumbered by armour. (ER -2)


Message History

The goblin hits you with a +0 dagger. Ijyb closely misses you.
The lemure completely misses you. Ijyb hits you with a +0 club.
The goblin attacks as it pursues you! The goblin hits you with a +0 dagger.
Ijyb attacks as she pursues you! Ijyb closely misses you.
Robin's horned helmet rattles.
Robin throws the goblin at you! The goblin hits you with a +0 dagger.
Things that are here:
7 gold pieces; a +0 short sword; 6 stones You barely miss the goblin.
Ijyb hits you with a +0 club. The lemure misses you.
The endoplasm hits you but does no damage.
The goblin hits you with a +0 dagger.
* * * LOW HITPOINT WARNING * * *
Okay, then.
It was a potion of mutation.
You feel extremely strange.
You feel frail.
Your thoughts seem clearer.
You feel stronger.
You feel less encumbered by your armour.
Ijyb zaps a wand.
The puff of flame hits you! You resist.
* * * LOW HITPOINT WARNING * * *
The lemure hits you but does no damage. The goblin hits you with a +0 dagger.
* * * LOW HITPOINT WARNING * * *
The endoplasm barely misses you.
Okay, then.
It was a potion of degeneration.
There was something very wrong with that liquid.
You feel weakened.
You feel dopey.
You feel clumsy.
Ijyb zaps a wand.
The puff of flame hits you. You resist.
* * * LOW HITPOINT WARNING * * *
The lemure completely misses you. The goblin hits you but does no damage.
The endoplasm freezes you.
You are frozen.
* * * LOW HITPOINT WARNING * * *
It was a potion of curing.
You feel better.
Ijyb zaps a wand.
The puff of flame hits you. You resist.
* * * LOW HITPOINT WARNING * * *
The lemure hits you!
* * * LOW HITPOINT WARNING * * *
The goblin hits you with a +0 dagger.
You die...

. ..............# .
..............# #
............# # .
#.B........# . ..
#.w........# .
##.###.[........# #
..>..#.JK.......# #
#..5g5g......#
##.5@#########
###g# #.# #.###
#...##
..#.####..####
#.......#....##
........####..#####
........#.........#


You could see Pikel, 3 lemures, Ijyb (strong), a bombardier beetle, Robin, a
dart slug, an endoplasm and a goblin (strong).

Vanquished Creatures
  A scorpion (D:3)
  An orc wizard (D:3)
  An adder (D:3)
  6 dart slugs
  2 orcs (D:3)
  2 endoplasms
  2 giant cockroaches
  5 goblins
  4 hobgoblins
  4 kobolds
  2 quokkas (D:2)
  4 ball pythons
  4 bats
  A frilled lizard (D:1)
  7 rats
46 creatures vanquished.

Vanquished Creatures (collateral kills)
  A lemure (D:3)
  A bombardier beetle (D:3)
  An iguana (D:3)
  2 adders
  A dart slug (D:3)
  3 orcs
  A bat (D:2)
  An endoplasm (D:1)
  A giant cockroach (D:4)
  3 goblins
  A hobgoblin (D:4)
  A quokka (D:1)
  3 ball pythons
  2 frilled lizards (D:3)
  3 kobolds
25 creatures vanquished.

Grand Total: 71 creatures vanquished

Notes
Turn   | Place    | Note
-------+----------+-------------------------------------------
     0 | D:1      | spaghetti the Naga Summoner began the quest for the Orb.
     0 | D:1      | Reached XP level 1. HP: 15/15 MP: 3/3
   177 | D:1      | Reached skill level 1 in Fighting
   294 | D:1      | Reached XP level 2. HP: 25/25 MP: 5/5
   302 | D:1      | Learned a level 2 spell: Call Imp
   809 | D:1      | Reached XP level 3. HP: 33/33 MP: 6/6
   813 | D:1      | Learned a level 3 spell: Call Canine Familiar
  1233 | D:2      | Identified the +3 dagger "Lifebane" {freeze, rF+ Int+3}
  2092 | D:3      | Reached XP level 4. HP: 38/40 MP: 7/7
  2553 | D:3      | Reached skill level 5 in Summonings
  2560 | D:3      | Reached XP level 5. HP: 5/49 MP: 8/8
  2956 | D:3      | Found a faded altar of an unknown god.
  3006 | D:4      | Noticed Pikel
  3006 | D:4      | Noticed a lemure
  3007 | D:4      | Noticed a lemure
  3007 | D:4      | Noticed a lemure
  3009 | D:4      | Noticed a lemure
  3014 | D:3      | Reached XP level 6. HP: 57/57 MP: 9/9
  3144 | D:4      | Noticed Robin
  3144 | D:4      | Noticed Ijyb
  3258 | D:4      | Found a staircase to the Ecumenical Temple.
  3361 | D:4      | Gained mutation: You are frail. (-10% HP) [potion of
                  | mutation]
  3361 | D:4      | Gained mutation: You possess an exceptional clarity of
                  | mind. [potion of mutation]
  3361 | D:4      | Gained mutation: Your muscles are strong. (Str +4, Int/Dex
                  | -1) [potion of mutation]
  3361 | D:4      | Gained mutation: Your movements are slightly less
                  | encumbered by armour. (ER -2) [potion of mutation]
  3362 | D:4      | HP: 2/51 [frozen (2)]
  3363 | D:4      | Slain by a goblin

Illustrated notes

Levels and vault maps discovered:
D:1:      enne_arrival_octagon_isle, layout_loops_ring, roderic_roman_lattice
D:2:      layout_basic
D:3:      layout_basic, hellmonk_ecumenical_altar_prayer_group,
          kennysheep_generic_room_2
D:4:      layout_rooms, tgw_fedhas, kennysheep_orc_sif_temple,
          minmay_temple_entry_offerings, nicolae_goblin_pals, uniq_pikel,
          uniq_ijyb, uniq_eustachio

Skill      XL: |  1  2  3  4 |
---------------+-------------+-----
Fighting       | 1 2 3 |  3.9
Summonings     | 5 |  5.8
Dodging        | |  1.5
Stealth        | |  3.0
Spellcasting   | |  2.0

Action                     |  1- 3 |  4- 6 || total
---------------------------+-------+-------++-------
  Melee: Unarmed           |     6 |       ||     6
         Whip              |    50 |       ||    50
         Dagger            |    16 |    59 ||    75
   Cast: Summon Small Mamm |    10 |     6 ||    16
         Call Imp          |    14 |    16 ||    30
         Call Canine Famil |    10 |    15 ||    25
Ability: Spit Poison       |    12 |       ||    12
    Use: Potion            |       |     3 ||     3
   Stab: Sleeping          |     4 |       ||     4
 Armour: Robe              |    62 |    88 ||   150
  Dodge: Dodged            |    41 |    37 ||    78
